 Dungeon Crawl Stone Soup version 0.30-a0-591-g3c58d2bc28 (webtiles) character file.

Game seed: 9937184595804655067

720 OTABOTABOTAB the Changer (level 7, -2/43 HPs)
             Began as an Octopode Transmuter on Jan 5, 2023.
             Slain by a gnoll
             ... wielding a +0 spear
              (5 damage)
             ... on level 5 of the Dungeon.
             The game lasted 00:07:20 (4429 turns).

OTABOTABOTAB the Changer (Octopode Transmuter)      Turns: 4429, Time: 00:07:20

Health: -2/43      AC:  1    Str: 10 (12) XL:     7   Next: 70%
Magic:  10/10      EV: 13    Int: 10 (13) God:
Gold:   385        SH:  0    Dex: 10 (12) Spells: 4/10 levels left

rFire   . . .      SeeInvis .    m - +9 rapier "Rurchibla" {spect, rPois Str+3 Int-5}
rCold   . . .      Faith    .    (no shield)
rNeg    . . .      Spirit   .    (helmet restricted)
rPois   +          Reflect  .    h - amulet of magic regeneration
rElec   .          Harm     .    (no ring)
rCorr   .          Rampage  .    (no ring)
Will    .....                    (no ring)
Stlth   ++                       (no ring)
HPRegen 0.27/turn                (no ring)
MPRegen 0.52/turn                (no ring)
                                 (no ring)
                                 (no ring)

@: mighty, on berserk cooldown, slowed, very slow
A: almost no armour, amphibious, 8 rings, camouflage 1, gelatinous body 1,
(nimble swimmer 1), tentacles
a: no special abilities


You were on level 5 of the Dungeon.
You visited 1 branch of the dungeon, and saw 5 of its levels.
You also visited: Sewer.

You collected 385 gold pieces.

Inventory:

Hand Weapons
 m - the +9 rapier "Rurchibla" (weapon) {spect, rPois Str+3 Int-5}
   (You found it on level 2 of the Dungeon)

   Str:       It affects your strength (+3).
   Int:       It affects your intelligence (-5).
   rPois:     It protects you from poison.
Missiles
 s - 44 stones
 u - 8 poisoned darts
Magical Staves
 k - a staff of earth
   (You found it on level 2 of the Dungeon)
 w - a staff of conjuration
   (You found it on level 5 of the Dungeon)
Jewellery
 h - an amulet of magic regeneration (around mantle)
   (You took it off a hobgoblin on level 2 of the Dungeon)
Wands
 q - a wand of roots (13)
   (You found it on level 4 of the Dungeon)
Scrolls
 a - a scroll of enchant armour {unknown}
 b - a scroll of fog {unknown}
 e - 2 scrolls of teleportation {unknown}
 g - a scroll of identify {unknown}
 i - a scroll of magic mapping {unknown}
 n - a scroll of vulnerability {unknown}
 p - 3 scrolls of blinking {unknown}
 r - a scroll of noise {unknown}
 v - a scroll of immolation {unknown}
Potions
 c - 3 potions of degeneration {!q}
 d - a potion of resistance {unknown}
 f - a potion of haste {unknown}
 j - a potion of flight {unknown}
 t - a potion of brilliance {unknown}
 M - a potion of might
 P - a potion of lignification {!q}
 T - a potion of berserk rage {!q}


   Skills:
 - Level 1.0 Fighting
 - Level 2.0 Dodging
 - Level 4.6 Unarmed Combat
 - Level 2.0 Spellcasting
 + Level 5.8 Transmutations
 + Level 3.7 Ice Magic
 - Level 3.0 Poison Magic


You had 4 spell levels left.
You knew the following spells:

 Your Spells              Type           Power      Damage    Failure   Level
a - Beastly Appendage     Tmut           24%        N/A       2%          1
b - Wereblood             Tmut           12%        N/A       4%          2
c - Spider Form           Tmut/Pois      9%         N/A       16%         3

Your spell library contained the following spells:

 Spells                   Type           Power      Damage    Failure   Level
 Passwall                 Tmut/Erth      5%         N/A       14%         2
 Ensorcelled Hibernation  Hex/Ice        8%         N/A       22%         2
 Slow                     Hex            4%         N/A       30%         1
 Ice Form                 Ice/Tmut       10%        N/A       41%         4
 Confusing Touch          Hex            1%         N/A       67%         3
 Swiftness                Air            1%         N/A       67%         3
 Vampiric Draining        Necr           1%         2d6       67%         3


Dungeon Overview and Level Annotations

Branches:
Dungeon (5/15)              Sewer (visited)
 Temple: D:4-7

Altars:

Shops:
D:1 [


Innate Abilities, Weirdness & Mutations

You cannot wear most types of armour.
You are amphibious.
You can wear up to eight rings at the same time.
Your skin changes colour to match your surroundings (Stealth+).
Your rubbery body absorbs attacks. (AC +1, EV +1)
((You are camouflaged when in or above water. (Stealth+)))
You have tentacles for arms and can constrict up to eight enemies at once.


Message History

You now have 9/10 mp.
The hound barks!
You hit the hound. Your grab misses the hound.
You pierce the hound, but do no damage.
Your +9 rapier "Rurchibla" {spect, rPois Str+3 Int-5} hits the hound!!
You kill the hound!
MP restored: 10 Unknown command.
The hound bites you. The hound bites you but does no damage.
You take 2 damage, and have 41/43 hp.
You puncture the hound! Your grab misses the hound.
Your tentacle spike misses the hound.
Your +9 rapier "Rurchibla" {spect, rPois Str+3 Int-5} hits the hound!
You kill the hound!
No target in view!
Unknown command.
No target in view!
You now have 380 gold pieces (gained 12).
Your transformation is almost over.
w - a staff of conjuration Health restored: 43 You open the door.
There is an open door here.
Your tentacle spike disappears.
You pick up a book of Burglary and begin reading...
You add the spells Passwall, Ensorcelled Hibernation and Swiftness to your library.
Found a stone staircase leading down.
An adder comes into view.
An adder is nearby!
An adder is nearby!
Okay, then.
Unknown command.
Unknown command.
An adder is nearby!
An adder is nearby!
The adder hisses angrily.
You closely miss the adder. You grab the adder. You tentacle-slap the adder.
Your +9 rapier "Rurchibla" {spect, rPois Str+3 Int-5} hits the adder!
You kill the adder!
No target in view!
Unknown command.
No target in view!
No target in view!
You now have 385 gold pieces (gained 5).
A gnoll comes into view. It is wielding a +0 spear.
A gnoll is nearby!
A gnoll is nearby!
A gnoll is nearby! 3 gnolls come into view.
The gnoll shouts! x3
Unknown command.
You puncture the gnoll!
You kill the gnoll!
The gnoll barely misses you.
The gnoll hits you from afar with a +0 spear.
You take 6 damage, and have 37/43 hp.
You barely miss the gnoll. Your grab misses the gnoll.
The gnoll barely misses you. The gnoll hits you with a +0 club. x2
The gnoll hits you from afar with a +0 spear!
You take 20 damage, and have 17/43 hp.
MASSIVE DAMAGE!!
You are too injured to fight recklessly!
You are too injured to fight recklessly!
You hit the gnoll. Your grab misses the gnoll.
The gnoll hits you with a +0 club. The gnoll barely misses you.
You take 4 damage, and have 13/43 hp.
The gnoll attacks as you move away! The gnoll hits you with a +0 club!
* * * LOW HITPOINT WARNING * * *
You take 7 damage, and have 6/43 hp.
It was a potion of berserk rage.
A red film seems to cover your vision as you go berserk!
You feel yourself moving faster!
You feel mighty!
T - a potion of berserk rage The gnoll barely misses you.
The gnoll hits you from afar with a +0 spear.
* * * LOW HITPOINT WARNING * * *
You now have 4/64 hp.
You are too berserk!
Unknown command.
You puncture the gnoll!
You kill the gnoll!
The gnoll hits you from afar with a +0 spear.
* * * LOW HITPOINT WARNING * * *
You take 1 damage, and have 3/64 hp.
You feel a strong urge to attack something.
You are no longer berserk.
You are exhausted.
You feel yourself slow down.
You now have 3/43 hp.
It was a potion of might.
You feel very mighty all of a sudden.
M - a potion of might It was a potion of degeneration.
There was something very wrong with that liquid.
You feel weakened.
You feel dopey.
You feel clumsy. The gnoll misses you.
The gnoll hits you from afar with a +0 spear.
You die...

#.#..##########...........
##.#...........+...........
#.........######...........
#.........# #...........
#.........# #...........
#....###.## #...........
####.#...# #...........
#......#######...........
#.......@.gg)#...........
#..[>..#####)#...........
#....†..# #.#...........
#.......# #g#######.####
#######.# #.#.......# .#
#.#.####### .# #.#<# .#
#.#.# #.#.########


You could see 2 gnolls.

Vanquished Creatures
  Pargi (Sewer)
  3 scorpions
  A howler monkey (D:4)
  3 hounds
  Robin (D:3)
  9 gnolls
  11 adders
  4 worms
  A dart slug (D:1)
  5 orcs
  5 bats
  7 endoplasms
  7 giant cockroaches
  12 goblins
  10 hobgoblins
  10 jackals (D:1)
  4 quokkas
  7 ball pythons
  3 frilled lizards
  10 kobolds
  6 rats
120 creatures vanquished.

Vanquished Creatures (others)
  2 plants (D:1)
2 creatures vanquished.

Grand Total: 122 creatures vanquished

Notes
Turn   | Place    | Note
-------+----------+-------------------------------------------
     0 | D:1      | OTABOTABOTAB the Octopode Transmuter began the quest for
                  | the Orb.
     0 | D:1      | Reached XP level 1. HP: 13/13 MP: 3/3
   206 | D:1      | Reached XP level 2. HP: 18/18 MP: 3/5
   240 | D:1      | Reached skill level 1 in Poison Magic
   446 | D:1      | Learned a level 2 spell: Wereblood
   475 | D:1      | Reached XP level 3. HP: 20/23 MP: 4/6
   843 | D:1      | Found Wupoz's Antique Armour Shop.
   955 | D:1      | Reached skill level 2 in Poison Magic
   961 | D:1      | Learned a level 3 spell: Spider Form
  1867 | D:2      | Reached XP level 4. HP: 27/28 MP: 5/7
  1916 | D:2      | Reached skill level 3 in Transmutations
  2456 | D:2      | Identified the +9 rapier "Rurchibla" {spect, rPois Str+3
                  | Int-5}
  2513 | D:2      | Noticed a scorpion
  2516 | D:2      | Killed a scorpion
  2517 | D:2      | Reached skill level 4 in Unarmed Combat
  2517 | D:2      | Reached skill level 3 in Poison Magic
  2517 | D:2      | Reached XP level 5. HP: 33/33 MP: 8/8
  2827 | D:3      | Noticed Robin
  2834 | D:3      | Killed Robin
  2988 | D:3      | Reached skill level 4 in Transmutations
  3077 | D:3      | Reached XP level 6. HP: 35/38 MP: 9/9
  3410 | D:4      | Reached skill level 1 in Ice Magic
  3682 | D:4      | Reached skill level 2 in Ice Magic
  3808 | D:4      | Found a glowing drain.
  3813 | Sewer    | Entered a sewer
  3817 | Sewer    | Noticed Pargi
  3823 | Sewer    | Killed Pargi
  3824 | Sewer    | Reached skill level 5 in Transmutations
  3824 | Sewer    | Reached XP level 7. HP: 37/43 MP: 10/10
  4073 | D:4      | Reached skill level 3 in Ice Magic
  4321 | D:5      | Entered Level 5 of the Dungeon
  4422 | D:5      | HP: 6/43 [gnoll/+0 club (7)]
  4429 | D:5      | Slain by a gnoll

Illustrated notes

Levels and vault maps discovered:
D:1:      dpeg_arrival_shrine, layout_loops_ring, serial_forest,
          infiniplex_forest_clump_medium, infiniplex_forest_side_room,
          infiniplex_forest_lined_corner, infiniplex_forest_clump_tiny,
          infiniplex_forest_join, infiniplex_forest_clump_C, serial_shops,
          shop_coins
D:2:      layout_loops_corners, minmay_misc_feat_cross
D:3:      layout_basic, uniq_robin
D:4:      layout_rooms, gup_sewer_entry_spiral, st_stairs_7
D:5:      layout_basic, nicolae_zen_rock_garden, uniq_eustachio

Skill      XL: |  1  2  3  4  5  6  7 |
---------------+----------------------+-----
Poison Magic   | 1 2 3 |  3.0
Transmutations | 3 4 5 |  5.8
Unarmed Combat | 4 |  4.6
Ice Magic      | 2 3 |  3.7
Fighting       | |  1.0
Dodging        | |  2.0
Spellcasting   | |  2.0

Action                   |  1- 3 |  4- 6 |  7- 9 || total
-------------------------+-------+-------+-------++-------
Melee: Unarmed           |    76 |       |       ||    76
       Constrict         |    33 |    29 |     5 ||    67
       Kick              |    26 |     9 |     1 ||    36
       Tentacles         |    24 |    19 |     1 ||    44
       Punch             |     2 |     4 |     1 ||     7
       Dagger            |    26 |    25 |       ||    51
       Rapier            |       |    65 |    23 ||    88
Throw: Stone             |     5 |     4 |       ||     9
 Cast: Beastly Appendage |    21 |     9 |     1 ||    31
 Abil: End Transformatio |    16 |     6 |       ||    22
  Use: Potion            |       |       |     3 ||     3
 Stab: Sleeping          |     4 |    16 |     3 ||    23
       Distracted        |       |     2 |       ||     2
Armor: Skin              |     7 |     8 |     2 ||    17
Dodge: Dodged            |    63 |    43 |    11 ||   117

Table legend: (Time is in decaauts)
 A = Elapsed time spent in this place.
 B = Non-inter-level travel time spent in this place.
 C = Inter-level travel time spent in this place.
 D = Time resting spent in this place.
 E = Time spent auto-exploring this place.
 F = Levels seen in this place.
 G = Mean time per level.
                   A        B        C        D        E       F      G
               +--------+--------+--------+--------+--------+-----+--------+
         Total |   4440 |   4341 |     99 |    201 |   3354 |   6 |  740.0 |
       Dungeon |   4268 |   4169 |     99 |    201 |   3233 |   5 |  853.6 |
         Sewer |    172 |    172 |      0 |      0 |    121 |   1 |  172.0 |
               +--------+--------+--------+--------+--------+-----+--------+

Top non-repeatable levels by time:
     D:1: 1620 daAuts
     D:2: 1007 daAuts
     D:3: 825 daAuts
     D:4: 707 daAuts
   Sewer: 172 daAuts
     D:5: 108 daAuts

Table legend:
 A = Kills in this place as a percentage of kills in entire the game.
 B = Kills by you in this place as a percentage of kills by you in the entire game.
 C = Kills by friends in this place as a percentage of kills by friends in the entire game.
 D = Other kills in this place as a percentage of other kills in the entire game.
 E = Experience gained in this place as a percentage of experience gained in the entire game.
 F = Experience gained in this place divided by the number of levels of this place that you have seen.
                   A       B       C       D       E      F
               +-------+-------+-------+-------+-------+----------------------
         Total | 100.0 | 100.0 |   N/A |   N/A | 100.0 | 171.5
       Dungeon |  93.3 |  93.3 |   N/A |   N/A |  84.7 | 174.4
         Sewer |   6.7 |   6.7 |   N/A |   N/A |  15.3 | 157.0
               +-------+-------+-------+-------+-------+----------------------
